 Dungeon Crawl Stone Soup version 0.31-a0-845-g9abc20d24f (webtiles) character file.

Game seed: 16616694461444618622

198 Dittersdorf the Shield-Bearer (level 5, -18/34 HPs)
             Began as a Gargoyle Fighter on Oct 2, 2023.
             Demolished by an ogre
             ... wielding a +0 giant club
              (20 damage)
             ... on level 3 of the Dungeon.
             The game lasted 00:03:28 (2252 turns).

Dittersdorf the Shield-Bearer (Gargoyle Fighter)    Turns: 2252, Time: 00:03:28

Health: -18/34     AC: 14    Str: 21    XL:     5   Next: 77%
Magic:  5/5        EV: 10    Int:  9    God:
Gold:   113        SH:  4    Dex:  9    Spells: 4/4 levels left

rFire   + . .        q - +1 flail (heavy)
rCold   . . .        c - +0 buckler
rNeg    + . .        g - +1 ring mail {rF+}
rPois   ∞            p - +0 helmet
rElec   +            n - +0 cloak
rCorr   .            (no gloves)
SInv    .            o - +0 pair of boots
Will    .....        i - amulet of the acrobat Stlth
                     (no ring)
HPRegen 0.25/turn    (no ring)
MPRegen 0.09/turn

%: acrobat
@: no status effects
A: sickness immunity, AC +4, negative energy resistance 1, electricity
resistance, torment resistance 1, petrification resistance
a: no special abilities


You were on level 3 of the Dungeon.
You visited 1 branch of the dungeon, and saw 4 of its levels.

You collected 113 gold pieces.

Inventory:

Hand Weapons
 q - a +1 heavy flail (weapon)
Armour
 c - a +0 buckler (worn)
 g - a +1 ring mail of fire resistance (worn)
 n - a +0 cloak (worn)
 o - a +0 pair of boots (worn)
 p - a +0 helmet (worn)
Jewellery
 i - an amulet of the acrobat (around neck)
Scrolls
 e - 2 scrolls of blinking {unknown}
 h - 2 scrolls of fog {unknown}
 j - 4 scrolls of identify {unknown}
 k - a scroll of teleportation {unknown}
 l - a scroll of revelation {unknown}
Potions
 b - a potion of curing {unknown}
 d - a potion of might
 f - a potion of invisibility {unknown}
 m - a potion of mutation {unknown}


   Skills:
 + Level 4.4 Fighting
 + Level 3.3 Maces & Flails
 + Level 4.4 Armour
 + Level 4.4 Shields


You had 4 spell levels left.
You didn't know any spells.
Your spell library contained the following spells:

 Spells                   Type           Power      Damage    Failure   Level
 Hailstorm                Conj/Ice       0%         3d3       93%         3
 Summon Ice Beast         Ice/Summ       0%         N/A       100%        4
 Simulacrum               Ice/Necr       0%         N/A       100%        6
 Malign Gateway           Summ/Tloc      0%         N/A       100%        7
 Summon Horrible Things   Summ           0%         N/A       100%        8


Dungeon Overview and Level Annotations

Branches:
Dungeon (4/15)
 Temple: D:4-7

Altars:
Sif Muna


Innate Abilities, Weirdness & Mutations

You are immune to sickness and miasma.
Your stone body is resilient. (AC +4)
You are immune to poison.
You resist negative energy. (rN+)
You are resistant to electric shocks. (rElec)
You are resistant to unholy torment.
You are immune to petrification.


Message History

The gnoll is severely wounded.
The gnoll barely misses you. x2
You hit the gnoll.
The gnoll is severely wounded.
The gnoll barely misses you.
You sock the gnoll!
You kill the gnoll!
Items here: )))) [ ††††.
q - a +1 heavy flail
Okay, then.
q - a +1 heavy flail (weapon)
You drop a +0 flail.
There is a stone staircase leading down here.
You climb downwards.
The hobgoblin shouts!
You hear an angry hiss.
You hear a shout!
The ogre barely misses you. The orc barely misses you.
The orc closely misses you.
There is a stone staircase leading up here.
The ogre barely misses you. The gnoll barely misses you.
You block the orc's attack.
The gnoll sergeant hits you but does no damage.
You climb upwards.
There is a stone staircase leading down here.
You hit the ogre.
The ogre is lightly wounded.
The gnoll hits you but does no damage. The orc hits you but does no damage.
The ogre hits you with a +0 giant club!
You hit the orc.
The orc is lightly wounded.
You block the gnoll's attack. The orc hits you with a +0 mace.
The ogre hits you with a +0 giant club!
* * * LOW HITPOINT WARNING * * *
The gnoll hits you but does no damage. The orc hits you with a +0 mace.
* * * LOW HITPOINT WARNING * * *
You hit the orc but do no damage.
The orc is lightly wounded.
The gnoll hits you but does no damage. The orc closely misses you.
The ogre hits you with a +0 giant club!!
Ouch! That really hurt!
You die...

########### #......#...
#######################.####.#.#.
...............o@O...#.....#.#.#.
################g###.#..##.#.#.#.
....# #.# #.#..#..#.#.#. ....#
#.# #.#..#.#....#. ....# #.#
#.#..#.#..###. ....#
#.###.#..#.#<..... ....#
#.....#..#.##..#.# ....#
####'#####........#.# ....#
#........##)#.#####.#


You could see an ogre, a gnoll and an orc.

Vanquished Creatures
  Natasha (thrice) (D:3)
  A gnoll (D:3)
  4 adders
  A dart slug (D:3)
  4 orcs (D:3)
  2 bats
  7 endoplasms
  3 giant cockroaches (D:2)
  3 goblins
  6 hobgoblins
  8 jackals (D:2)
  7 kobolds
  4 quokkas
  7 ball pythons
  3 frilled lizards
  8 rats
71 creatures vanquished.

Notes
Turn   | Place    | Note
-------+----------+-------------------------------------------
     0 | D:1      | Dittersdorf the Gargoyle Fighter began the quest for the
                  | Orb.
     0 | D:1      | Reached XP level 1. HP: 14/14 MP: 1/1
    91 | D:1      | Noticed a shining eye
    94 | D:1      | Found a faded altar of an unknown god.
    96 | D:1      | Noticed a great orb of eyes
    96 | D:1      | Noticed a floating eye
    96 | D:1      | Noticed an eye of devastation
   146 | D:1      | Reached XP level 2. HP: 19/19 MP: 2/2
   581 | D:2      | Reached XP level 3. HP: 23/23 MP: 3/3
   931 | D:2      | Found a shimmering blue altar of Sif Muna.
   968 | D:2      | Reached XP level 4. HP: 29/29 MP: 4/4
  1732 | D:3      | Noticed Natasha
  1765 | D:3      | Killed Natasha
  1766 | D:3      | Reached XP level 5. HP: 18/33 MP: 5/5
  2022 | D:3      | Noticed Natasha
  2035 | D:3      | Killed Natasha
  2038 | D:3      | Noticed Natasha
  2051 | D:3      | Killed Natasha
  2229 | D:4      | Noticed an ogre
  2251 | D:3      | HP: 1/34 [orc/+0 mace (3)]
  2252 | D:3      | Demolished by an ogre

Illustrated notes

Levels and vault maps discovered:
D:1:      nzn_arrival_depleted_hourglass, layout_rooms,
          hellmonk_ecumenical_altar_watching_god
D:2:      layout_loops_ring, basic_altar
D:3:      layout_basic, amcnicky_mini_pool_small, uniq_natasha
D:4:      layout_cave_pools, uniq_sigmund, uniq_menkaure

Skill      XL: |  1  2  3  4 |
---------------+-------------+-----
Fighting       | 4 |  4.4
Shields        | 4 |  4.4
Armour         | 4 |  4.4
Maces & Flails | 3 |  3.3

Action                     |  1- 3 |  4- 6 || total
---------------------------+-------+-------++-------
  Melee: Flail             |   115 |   161 ||   276
 Armour: Scale mail        |     5 |       ||     5
         Ring mail         |    66 |   129 ||   195
  Dodge: Dodged            |    79 |   145 ||   224
  Block: Buckler           |    25 |    52 ||    77

Table legend: (Time is in decaauts)
 A = Elapsed time spent in this place.
 B = Non-inter-level travel time spent in this place.
 C = Inter-level travel time spent in this place.
 D = Time resting spent in this place.
 E = Time spent auto-exploring this place.
 F = Levels seen in this place.
 G = Mean time per level.
                   A        B        C        D        E       F      G
               +--------+--------+--------+--------+--------+-----+--------+
         Total |   2343 |   2212 |    131 |     60 |   1535 |   4 |  585.8 |
       Dungeon |   2343 |   2212 |    131 |     60 |   1535 |   4 |  585.8 |
               +--------+--------+--------+--------+--------+-----+--------+

Top non-repeatable levels by time:
     D:2: 976 daAuts
     D:3: 815 daAuts
     D:1: 545 daAuts
     D:4: 6 daAuts
